 Dungeon Crawl Stone Soup version 0.22.1-1-ga44c0e5 (webtiles) character file.

13510 suicidejoker the Fighter (level 11, -12/90 HPs)
             Began as a Demonspawn Fighter on Oct 18, 2018.
             Was a High Priest of Cheibriados.
             Mangled by an ettin
             ... wielding a +0 great mace
              (29 damage)
             ... on level 11 of the Dungeon.
             The game lasted 00:38:17 (11591 turns).

suicidejoker the Fighter (Demonspawn Fighter)      Turns: 11591, Time: 00:38:18

Health: -12/90     AC: 17    Str: 31    XL:     11   Next: 76%
Magic:  0/18       EV: 13    Int: 24    God:    Cheibriados [*****.]
Gold:   508        SH: 21    Dex: 29    Spells: 12/12 levels left

rFire    + + .     SeeInvis .   a - +2 long sword
rCold    . . .     Gourm    .   c - +4 shield
rNeg     + . .     Faith    +   G - +5 scale mail "Retikok" {-Cast rPois rN+}
rPois    +         Spirit   +   j - +0 hat
rElec    .         Reflect  .   p - +0 cloak
rCorr    .         Harm     .   y - +2 pair of gloves
MR       .....     Rnd*Rage +   (no boots) Stlth +++.......NoCast +
                                q - amulet of faith
HPRegen  0.25/turn              v - ring of poison resistance
MPRegen  0.32/turn              l - ring of protection from fire

@: very slow
A: antennae 1, large bone plates 1, berserk 1, fire resistance 1, magic shield,
magic regeneration, flame cloud immunity
a: Bend Time, Temporal Distortion, Slouch, Step From Time, Renounce Religion


You were on level 11 of the Dungeon.
You worshipped Cheibriados.
Cheibriados was extremely pleased with you.
You were hungry.

You visited 1 branch of the dungeon, and saw 11 of its levels.

You collected 665 gold pieces.
You spent 157 gold pieces at shops.

Inventory:

Hand Weapons
 a - a +2 long sword (weapon)
 d - a +0 blowgun
 i - a +0 great mace
 s - a +0 dagger of venom
Missiles
 b - a tomahawk of dispersal
 g - 16 poisoned needles
 h - 20 tomahawks (quivered)
 x - 8 javelins
Armour
 c - a +4 shield (worn)
 j - a +0 hat (worn)
 p - a +0 cloak (worn)
 y - a +2 pair of gloves (worn)
 G - the +5 scale mail "Retikok" (worn) {-Cast rPois rN+}
   (You found it on level 7 of the Dungeon)

   It protects you from poison.
   It protects you from negative energy.
   It prevents spellcasting.
Jewellery
 l - a ring of protection from fire (right hand)
 q - an amulet of faith (around neck)
 v - a ring of poison resistance (left hand)
Wands
 u - a wand of paralysis (1)
 M - a wand of disintegration (3)
 N - a wand of enslavement (9)
Scrolls
 k - a scroll of immolation
 n - 4 scrolls of identify
 r - 3 scrolls of teleportation
 t - 3 scrolls of fog
 E - 2 scrolls of amnesia
 F - 3 scrolls of enchant weapon
 I - a scroll of blinking
 J - a scroll of remove curse
 L - a scroll of torment {unknown}
Potions
 e - 2 potions of brilliance
 o - a potion of invisibility
 w - 4 potions of agility
 z - 3 potions of cancellation
 A - a potion of curing
 B - 2 potions of flight
 D - a potion of might
 H - a potion of lignification
 K - a potion of resistance
Comestibles
 f - 26 rations


   Skills:
 * Level 10.0 Fighting
 + Level 6.2 Long Blades
 + Level 6.7 Armour
 + Level 4.3 Dodging
 + Level 6.5 Stealth
 + Level 6.6 Shields
 - Level 1.3 Spellcasting
 * Level 9.3 Invocations
 + Level 4.5 Evocations


You had 12 spell levels left.
You didn't know any spells.
Your spell library contained the following spells:

 Spells                   Type           Power        Failure   Level  Hunger
 Summon Butterflies       Summ           #.......     58%         1    #......
 Call Canine Familiar     Summ           #.......     91%         3    ###....
 Summon Ice Beast         Ice/Summ       #.......     100%        4    #####..
 Summon Mana Viper        Hex/Summ       #.......     100%        5    ######.
 Summon Hydra             Summ           #.........   100%        7    #######


Dungeon Overview and Level Annotations

Branches:
Dungeon (11/15)            Temple (0/1) D:4            Lair (0/6) D:8
    Orc (0/2) D:11

Altars:
Ashenzari
Cheibriados
Dithmenos
Gozag
Kikubaaqudgha
Sif Muna

Shops:
D:5 ?   D:7 *

Annotations:
D:9 Maurice
D:10 Snorg


Innate Abilities, Weirdness & Mutations

You have a pair of small antennae on your head.
You are partially covered in large bone plates. (SH +4)
Your flesh is heat resistant. (rF+)
When hurt, damage is shared between your health and your magic reserves.
You regenerate magic rapidly.
You are immune to clouds of flame.
You tend to lose your temper in combat.


Message History

The ettin is moderately wounded.
You block the ettin's attack. x2
You hit the ettin but do no damage.
The ettin is moderately wounded.
The fire dragon is engulfed in blazing flames.
You block the ettin's attack. x2
You slice the ettin!!
The ettin is severely wounded.
The fire dragon is engulfed in blazing flames.
The ettin hits you but does no damage. You block the ettin's attack.
You hit the ettin.
The ettin is severely wounded.
A centaur comes into view. It is wielding a spear.
You block the ettin's attack. The ettin closely misses you.
You slash the ettin!
The ettin is almost dead.
The ettin hits you with a great mace!!
* * * LOW HITPOINT WARNING * * *
The ettin hits you with a dire flail!!
You die...

.H ##..# .## #'..# ..
..#..# . .##..#..## ..#
#..# #.... .§ ##†.#
#..##
####§#########'#####..#
..cD§§..(..?.........##
####.C@####.###.#####
#.†....##.#..#
#..###.###.#.# #.. #
###.# #.. #.# ..< ..#
#... ### ##..


You could see a fire dragon (inner flame), an ettin and a centaur.

Vanquished Creatures
  A centaur warrior (D:11)
  2 two-headed ogres
  A wizard (D:11)
  Pikel (D:4)
  3 ugly things
  A deep elf mage (D:11)
  An orc sorcerer (D:11)
  A centaur skeleton (D:11)
  A freezing wraith (D:11)
  A kobold demonologist (D:11)
  A troll (D:11)
  5 hippogriffs
  A slime creature (D:11)
  A shadow (D:10)
  A spriggan (D:7)
  2 wyverns
  5 yaks (D:9)
  A hungry ghost (D:9)
  A soldier ant (D:10)
  5 orc warriors
  2 ice beasts
  A necrophage (D:10)
  A phantom (D:11)
  3 centaurs
  2 eyes of draining
  5 ogres
  A crocodile (D:8)
  A big kobold (D:11)
  7 bullfrogs
  A gnoll sergeant (D:11)
  17 killer bees
  6 wights
  3 howler monkeys
  4 crimson imps
  3 bullfrog zombies
  2 quasits
  A centaur zombie (D:9)
  3 jellies
  4 orc priests
  6 hounds
  11 orc wizards
  4 iguanas
  Ijyb (D:3)
  4 worker ants
  A worker ant zombie (D:11)
  Robin (D:3)
  17 gnolls
  14 adders
  4 river rats (D:7)
  2 shadow imps
  A worm (D:4)
  15 leopard geckos
  28 orcs
  8 giant cockroaches
  11 goblins
  12 hobgoblins
  9 jackals
  7 quokkas
  3 ball pythons
  5 bats
  8 frilled lizards
  A jackal zombie (D:6)
  17 kobolds
  2 leopard gecko zombies
  A quokka zombie (D:9)
  11 rats
307 creatures vanquished.

Vanquished Creatures (others)
  2 slaves (D:4)
  An orc priest (D:4)
  An orc wizard (D:6)
  A worker ant (D:4)
  A gnoll (D:6)
  An adder (D:4)
  3 orcs (D:4)
  A quokka (D:4)
  21 plants
32 creatures vanquished.

Grand Total: 339 creatures vanquished

Notes
Turn   | Place    | Note
-------+----------+-------------------------------------------
     0 | D:1      | suicidejoker the Demonspawn Fighter began the quest for the
                  | Orb.
     0 | D:1      | Reached XP level 1. HP: 18/18 MP: 1/1
   166 | D:1      | Gained mutation: You are partially covered in large bone
                  | plates. (SH +4) [demonic ancestry]
   166 | D:1      | Reached XP level 2. HP: 20/24 MP: 2/2
   738 | D:1      | Gained mutation: When hurt, damage is shared between your
                  | health and your magic reserves. [demonic ancestry]
   738 | D:1      | Reached XP level 3. HP: 16/29 MP: 3/3
  1255 | D:2      | Reached skill level 1 in Stealth
  1617 | D:2      | Reached XP level 4. HP: 30/37 MP: 4/4
  1740 | D:2      | Found a snail-covered altar of Cheibriados.
  2008 | D:2      | Became a worshipper of Cheibriados the Contemplative
  2075 | D:3      | Noticed Robin
  2093 | D:3      | Noticed Ijyb
  2121 | D:3      | Killed Ijyb
  2121 | D:3      | Reached skill level 4 in Fighting
  2163 | D:3      | Killed Robin
  2165 | D:3      | Reached XP level 5. HP: 24/42 MP: 5/5
  2175 | D:3      | Reached * piety under Cheibriados
  2437 | D:3      | Noticed an ice beast
  2454 | D:3      | Killed an ice beast
  2454 | D:3      | Gained mutation: You have a pair of small antennae on your
                  | head. [demonic ancestry]
  2454 | D:3      | Reached XP level 6. HP: 21/49 MP: 3/6
  2812 | D:3      | Found a shattered altar of Ashenzari.
  3007 | D:3      | Reached ** piety under Cheibriados
  3007 | D:3      | Reached skill level 5 in Fighting
  3484 | D:4      | Noticed a slave
  3484 | D:4      | Noticed Pikel
  3484 | D:4      | Noticed a slave
  3485 | D:4      | Noticed a slave
  3486 | D:4      | Noticed a slave
  3506 | D:4      | Killed Pikel
  3506 | D:4      | Reached skill level 6 in Fighting
  3506 | D:4      | Gained mutation: Your flesh is heat resistant. (rF+)
                  | [demonic ancestry]
  3506 | D:4      | Reached XP level 7. HP: 31/58 MP: 4/7
  3862 | D:4      | Found a staircase to the Ecumenical Temple.
  4214 | D:4      | Gained mutation: You regenerate magic rapidly. [demonic
                  | ancestry]
  4214 | D:4      | Reached XP level 8. HP: 64/64 MP: 8/8
  4374 | D:5      | Entered Level 5 of the Dungeon
  4440 | D:5      | Found a shadowy altar of Dithmenos.
  4557 | D:5      | Reached *** piety under Cheibriados
  4938 | D:5      | Found Gyx Yss's Magic Scroll Shoppe.
  4943 | D:5      | Bought a scroll of enchant armour for 112 gold pieces
  5222 | D:6      | Reached skill level 7 in Fighting
  5264 | D:6      | Reached skill level 1 in Invocations
  5282 | D:6      | Reached **** piety under Cheibriados
  5494 | D:6      | Reached skill level 1 in Spellcasting
  5766 | D:5      | Bought a scroll of remove curse for 45 gold pieces
  5884 | D:7      | Reached skill level 1 in Dodging
  5884 | D:7      | Reached skill level 1 in Evocations
  5884 | D:7      | Gained mutation: You are immune to clouds of flame.
                  | [demonic ancestry]
  5884 | D:7      | Reached XP level 9. HP: 63/72 MP: 8/10
  5975 | D:7      | Reached skill level 5 in Armour
  6287 | D:7      | Reached ***** piety under Cheibriados
  6396 | D:7      | Got an emerald-studded scale mail
  6407 | D:7      | Identified the +5 scale mail "Retikok" {-Cast rPois rN+}
                  | (You found it on level 7 of the Dungeon)
  6469 | D:7      | Reached skill level 5 in Shields
  6517 | D:7      | Found Gozag's Platinum Reserve.
  6519 | D:7      | Found an opulent altar of Gozag.
  7269 | D:8      | Found a deep blue altar of Sif Muna.
  7387 | D:8      | Reached skill level 8 in Fighting
  7520 | D:8      | Noticed a cyan ugly thing
  7526 | D:8      | Killed a cyan ugly thing
  7526 | D:8      | Reached skill level 5 in Stealth
  7526 | D:8      | Reached skill level 5 in Invocations
  7626 | D:8      | Found a staircase to the Lair.
  7708 | D:8      | Reached skill level 5 in Long Blades
  7723 | D:8      | Reached XP level 10. HP: 47/81 MP: 14/14
  7974 | D:9      | Reached ****** piety under Cheibriados
  8076 | D:9      | Found a deep blue altar of Sif Muna.
  8453 | D:9      | Found an ancient bone altar of Kikubaaqudgha.
  8799 | D:9      | Noticed Maurice
  8908 | D:10     | Entered Level 10 of the Dungeon
  8952 | D:10     | Noticed a two-headed ogre
  8964 | D:10     | Killed a two-headed ogre
  8964 | D:10     | Reached skill level 9 in Fighting
  9322 | D:10     | Noticed Snorg
  9622 | D:10     | Reached XP level 11. HP: 89/89 MP: 16/16
 10288 | D:11     | Noticed a deep elf mage
 10289 | D:11     | Noticed an orc sorcerer
 10303 | D:11     | Killed a deep elf mage
 10305 | D:11     | Paralysed by an orc sorcerer for 6 turns
 10317 | D:11     | Gained mutation: You tend to lose your temper in combat. [a
                  | neqoxec]
 10321 | D:11     | Paralysed by an orc sorcerer for 4 turns
 10329 | D:11     | Killed an orc sorcerer
 10352 | D:11     | Noticed a two-headed ogre
 10353 | D:11     | Noticed a brown ugly thing
 10362 | D:11     | Noticed a centaur warrior
 10367 | D:11     | Noticed a wizard
 10380 | D:11     | Killed a two-headed ogre
 10388 | D:11     | Killed a centaur warrior
 10392 | D:11     | Killed a wizard
 10399 | D:11     | Found a staircase to the Orcish Mines.
 10428 | D:11     | Noticed a cyan ugly thing
 10776 | D:11     | Killed a brown ugly thing
 10791 | D:11     | Killed a cyan ugly thing
 11349 | D:11     | Noticed an angel
 11373 | D:11     | Reached skill level 10 in Fighting
 11576 | D:11     | Noticed a fire dragon
 11580 | D:11     | Noticed an ettin
 11591 | D:11     | Mangled by an ettin

Skill      XL: |  1  2  3  4  5  6  7  8  9 10 11 |
---------------+----------------------------------+-----
Long Blades    | 2 3 4 5 6 |  6.2
Armour         | 3 4 5 6 |  6.7
Stealth        | 1 2 3 4 5 6 |  6.5
Shields        | 3 4 5 6 |  6.6
Fighting       | 4 6 7 8 9 10 | 10.0
Invocations    | 2 5 7 9 |  9.3
Spellcasting   | 1 |  1.3
Dodging        | 1 2 3 4 |  4.3
Evocations     | 1 2 3 4 |  4.5

Action                   |  1- 3 |  4- 6 |  7- 9 | 10-12 || total
-------------------------+-------+-------+-------+-------++-------
Melee: Long sword        |   157 |   166 |   431 |   498 ||  1252
       Unarmed           |       |    22 |       |       ||    22
Throw: Tomahawk          |       |       |    19 |     3 ||    22
Invok: Slouch            |       |       |       |     5 ||     5
Evoke: Wand              |       |     3 |     2 |    15 ||    20
  Use: Scroll            |     3 |     6 |    21 |     9 ||    39
       Potion            |       |     8 |     2 |     5 ||    15
 Stab: Invisible         |       |       |     3 |     1 ||     4
       Sleeping          |       |       |     7 |     3 ||    10
  Eat: Chunk             |     2 |     4 |     8 |     9 ||    23
Armor: Scale mail        |    18 |       |    38 |   174 ||   230
       Plate armour      |    76 |   141 |     1 |       ||   218
       Skin              |       |    13 |       |       ||    13
       Ring mail         |       |       |    68 |       ||    68
Dodge: Dodged            |    15 |    27 |   111 |   170 ||   323
Block: Shield            |   145 |   211 |   554 |   628 ||  1538
       Rpst.: Long sword |     3 |     7 |    30 |    37 ||    77
